 Dungeon Crawl Stone Soup version 0.29-a0-834-g1e95ca9f62 (webtiles) character file.

Game seed: 5545595504305733142

2899 hquester1 the Trooper (level 9, -10/92 HPs)
             Began as a Troll Berserker on July 12, 2022.
             Was a High Priest of Trog.
             Mangled by a two-headed ogre
             ... wielding a +0 giant spiked club
              (16 damage)
             ... on level 8 of the Dungeon.
             The game lasted 00:24:05 (4466 turns).

hquester1 the Trooper (Troll Berserker)             Turns: 4466, Time: 00:24:05

Health: -10/92     AC: 12    Str: 27    XL:     9   Next: 49%
Magic:  8/8        EV: 11    Int:  3    God:    Trog [*****.]
Gold:   300        SH:  0    Dex: 13    Spells: 8/8 levels left

rFire   . . .      SeeInvis .   d - +0 mace (protect)
rCold   x . .      Faith    .   (no shield)
rNeg    . . .      Spirit   .   a - +0 animal skin
rPois   .          Reflect  .   (helmet restricted)
rElec   .          Harm     +   p - +0 cloak of the Sun {Harm +Blink rC- Slay+3}
rCorr   .          Rampage  .   (gloves unavailable)
Will    .....                   (boots unavailable)
Stlth   +.........              (no amulet)
HPRegen 1.05/turn               (no ring)
MPRegen 0.11/turn               (no ring)

@: under a protective aura
A: large, unfitting armour, claws 3, regeneration 1, shaggy fur 1, tough skin 1
a: Renounce Religion, Evoke Blink, Berserk, Trog's Hand, Brothers in Arms


You were on level 8 of the Dungeon.
You worshipped Trog.
Trog was extremely pleased with you.
You visited 2 branches of the dungeon, and saw 8 of its levels.

You collected 300 gold pieces.

Inventory:

Hand Weapons
 d - a +0 mace of protection (weapon)
 l - a +1 morningstar of freezing
Missiles
 b - 34 stones (quivered)
 u - a throwing net
Armour
 a - a +0 animal skin (worn)
 c - a +1 cloak
 p - the +0 cloak of the Sun (worn) {Harm +Blink rC- Slay+3}
   (You found it on level 4 of the Dungeon)

   Slay:      It affects your accuracy & damage with ranged weapons and melee
   (+3).
   rC:        It makes you vulnerable to cold.
   +Blink:    It lets you blink.
   Harm:      It increases damage dealt and taken.
Wands
 g - a wand of roots (13)
 k - a wand of flame (4)
Scrolls
 e - a scroll of blinking
 f - 8 scrolls of teleportation
 q - a scroll of enchant armour
Potions
 h - 2 potions of attraction
 i - a potion of ambrosia
 m - a potion of magic
 o - 3 potions of curing
 s - a potion of lignification
 t - a potion of flight
 v - a potion of heal wounds
 w - a potion of invisibility


   Skills:
 * Level 6.6 Fighting
 + Level 3.8 Maces & Flails
 + Level 4.4 Throwing
 + Level 3.9 Armour
 + Level 4.8 Dodging
 + Level 5.8 Unarmed Combat


You had 8 spell levels left.
You didn't know any spells.
Your spell library was empty.

Dungeon Overview and Level Annotations

Branches:
Dungeon (8/15)             Temple (1/1) D:4            Lair (0/6) D:8

Altars:
Cheibriados
Elyvilon
Gozag
Hepliaklqana
Kikubaaqudgha
Makhleb
Okawaru
Ru
Sif Muna
Trog
Uskayaw
Vehumet
Xom
Yredelemnul
Zin

Annotations:
D:4 1 runed translucent door, ihfijgdoutdouutd's ghost, amateur DgAM


Innate Abilities, Weirdness & Mutations

You are too large for most types of armour.
You have claws for hands.
Your natural rate of healing is unusually fast.
You are covered in fur. (AC +1)
You have tough skin. (AC +1)


Message History

The two-headed ogre is lightly wounded.
Throw: 36 stones
Press: ? - help, Q - select action, (/) - cycle Shift-Dir - straight line, f/p - two-headed ogre
Aim: a two-headed ogre, wielding a +0 giant spiked club and a +0 giant club (lightly wounded, 79% to hit)
You throw a stone.
The stone completely misses the two-headed ogre.
Throw: 35 stones
Press: ? - help, Q - select action, (/) - cycle Shift-Dir - straight line, f/p - two-headed ogre
Aim: a two-headed ogre, wielding a +0 giant spiked club and a +0 giant club (lightly wounded, 79% to hit)
You throw a stone. The stone hits the two-headed ogre.
The two-headed ogre is lightly wounded.
The two-headed ogre hits you with a +0 giant spiked club!
The two-headed ogre hits you with a +0 giant club!
There is an open door, spattered with blood here.
You hit the two-headed ogre.
Your weapon exudes an aura of protection.
The two-headed ogre is moderately wounded.
The two-headed ogre hits you with a +0 giant spiked club!!
The two-headed ogre hits you with a +0 giant club!!
* * * LOW HITPOINT WARNING * * *
You hit the two-headed ogre but do no damage.
The two-headed ogre is moderately wounded.
The two-headed ogre barely misses you.
The two-headed ogre hits you with a +0 giant club!
* * * LOW HITPOINT WARNING * * *
You sock the two-headed ogre!
The two-headed ogre is moderately wounded.
You completely miss the two-headed ogre.
The two-headed ogre is moderately wounded.
The two-headed ogre closely misses you.
The two-headed ogre hits you with a +0 giant club!
* * * LOW HITPOINT WARNING * * *
You sock the two-headed ogre!
The two-headed ogre is heavily wounded.
The two-headed ogre closely misses you.
The two-headed ogre hits you but does no damage.
You thump the two-headed ogre!
The two-headed ogre is almost dead.
The two-headed ogre hits you with a +0 giant spiked club!
You die...

... .... .. .... ## #.
..... ...##
##.########...## ......
........#......#
##.....####.....#......#
.........##.....#......#
).........#.....@O.....#
.............####+##..##
....>......+#####.#
...................
..P.......#........
.........##........
##.....####..######
#....############
.....#..........#


You could see a two-headed ogre.

Vanquished Creatures
  Sigmund (D:5)
  2 wargs (D:8)
  Menkaure (D:5)
  A water moccasin (D:7)
  2 orc warriors
  2 sky beasts (D:7)
  3 black bears
  An ogre (D:5)
  3 bullfrogs (D:7)
  A necrophage (D:5)
  3 scorpions
  A howler monkey (D:5)
  3 hounds
  A jelly (D:5)
  6 orc priests
  2 iguanas (D:5)
  Ijyb (D:5)
  9 orc wizards
  Natasha (thrice) (D:2)
  3 scorpion zombies (D:4)
  A hound zombie (D:4)
  Robin (D:3)
  A howler monkey zombie (D:4)
  7 adders
  4 gnolls (D:5)
  3 river rats (D:5)
  A white imp (D:7)
  3 worms
  6 dart slugs
  31 orcs
  8 ball pythons
  8 endoplasms
  6 giant cockroaches
  12 goblins
  11 hobgoblins
  9 jackals
  5 quokkas
  3 bats
  3 frilled lizards
  8 kobolds
  10 rats
190 creatures vanquished.

Vanquished Creatures (others)
  A fungus (D:2)
  32 plants
33 creatures vanquished.

Grand Total: 223 creatures vanquished

Notes
Turn   | Place    | Note
-------+----------+-------------------------------------------
     0 | D:1      | hquester1 the Troll Berserker began the quest for the Orb.
     0 | D:1      | Reached XP level 1. HP: 22/22 MP: 0/0
    82 | D:1      | Reached XP level 2. HP: 29/29 MP: 1/1
   383 | D:1      | Reached XP level 3. HP: 36/36 MP: 2/2
   744 | D:2      | Reached ** piety under Trog
   754 | D:2      | Noticed Natasha
   760 | D:2      | Killed Natasha
   761 | D:2      | Reached skill level 3 in Fighting
   761 | D:2      | Reached skill level 1 in Throwing
   776 | D:2      | Reached XP level 4. HP: 45/45 MP: 3/3
   831 | D:2      | Reached skill level 1 in Armour
  1020 | D:2      | Noticed Natasha
  1026 | D:2      | Killed Natasha
  1026 | D:2      | Noticed Natasha
  1033 | D:2      | Killed Natasha
  1034 | D:2      | Reached XP level 5. HP: 46/53 MP: 4/4
  1191 | D:2      | Reached *** piety under Trog
  1330 | D:2      | Found a faded altar of an unknown god.
  1359 | D:3      | Noticed Robin
  1389 | D:3      | Killed Robin
  2441 | D:4      | Reached XP level 6. HP: 62/62 MP: 5/5
  2491 | D:4      | Reached skill level 4 in Fighting
  2523 | D:4      | Found a basalt altar of Yredelemnul.
  2539 | D:4      | Reached **** piety under Trog
  2663 | D:4      | Identified the +0 cloak of the Sun {Harm +Blink rC- Slay+3}
  2665 | D:4      | Found a staircase to the Ecumenical Temple.
  2678 | D:4      | Reached skill level 1 in Maces & Flails
  2707 | Temple   | Entered the Ecumenical Temple
  2968 | D:4      | Reached XP level 7. HP: 71/71 MP: 6/6
  3002 | D:4      | Found a runed translucent door.
  3003 | D:4      | Noticed ihfijgdoutdouutd's ghost (amateur DgAM)
  3187 | D:4      | Found a shimmering altar of Xom.
  3303 | D:5      | Entered Level 5 of the Dungeon
  3355 | D:5      | Found a radiant altar of Vehumet.
  3466 | D:5      | Reached skill level 5 in Fighting
  3466 | D:5      | Reached XP level 8. HP: 69/80 MP: 7/7
  3525 | D:5      | Noticed Menkaure
  3533 | D:5      | Killed Menkaure
  3566 | D:5      | Noticed Sigmund
  3573 | D:5      | Reached ***** piety under Trog
  3586 | D:5      | Killed Sigmund
  3587 | D:5      | Reached skill level 5 in Unarmed Combat
  3668 | D:5      | Noticed Ijyb
  3675 | D:5      | Killed Ijyb
  3730 | D:5      | You fall into a shaft and drop 2 floors!
  3804 | D:7      | Found a hide-covered altar of Uskayaw.
  3855 | D:7      | Reached XP level 9. HP: 71/89 MP: 8/8
  3857 | D:7      | Reached skill level 6 in Fighting
  4328 | D:8      | Found a staircase to the Lair.
  4342 | D:8      | Identified the +5 scimitar of Suakh {vorpal, *Noise rC-
                  | Str+8 Stlth+} (Trog gifted it to you on level 8 of the
                  | Dungeon)
  4342 | D:8      | Received a gift from Trog
  4456 | D:8      | Noticed a two-headed ogre
  4464 | D:8      | HP: 4/92 [two-headed ogre/+0 giant spiked club (8)]
  4466 | D:8      | Mangled by a two-headed ogre

Illustrated notes

Levels and vault maps discovered:
D:1:      dpeg_chamrin_arrival_tetris, layout_basic, st_stairs_3,
          serial_park_tiny_1, hex_medium
D:2:      layout_rooms, serial_glass, glass_columns_c, glass_columns_c,
          item_on_display_b, minmay_strange_pillars, feat_on_display,
          due_unseen_surprise, shapermc_ecumenical_altar_petra,
          minmay_pentomino_x2, uniq_natasha
D:3:      layout_basic, uniq_robin
D:4:      layout_basic, mainiacjoe_overflow_surrounded_room,
          nicolae_yredelemnul_corpse_copse, minmay_temple_entry_grid,
          ebering_ghost_inner_flame
D:5:      wad_woods_settlement, layout_basic, fedhas_ov_isle_minmay,
          nemelex_diamond_rough_becter, fiery_altar_vehumet, st_stairs_11,
          uniq_sigmund, uniq_menkaure, uniq_ijyb
D:7:      layout_rooms, lemuel_doored_altar
D:8:      layout_gridville, mainiacjoe_overflow_alcove_2,
          erik_lair_orcish_takeover, uniq_joseph
Temple:   grunt_temple_mini_profane

Skill      XL: |  1  2  3  4  5  6  7  8  9 |
---------------+----------------------------+-----
Fighting       | 3 4 5 6 |  6.6
Throwing       | 1 2 3 4 |  4.4
Armour         | 1 2 3 |  3.9
Dodging        | 3 4 |  4.8
Unarmed Combat | 4 5 |  5.8
Maces & Flails | 1 2 3 |  3.8

Action                   |  1- 3 |  4- 6 |  7- 9 || total
-------------------------+-------+-------+-------++-------
Melee: Unarmed           |    96 |   178 |   183 ||   457
       Punch             |       |     4 |     7 ||    11
       Mace              |       |       |    13 ||    13
Throw: Stone             |     2 |       |     3 ||     5
  Use: Potion            |       |       |     1 ||     1
       Scroll            |       |       |    14 ||    14
 Stab: Sleeping          |     2 |     1 |       ||     3
Armor: Animal skin       |    38 |    57 |    41 ||   136
Dodge: Dodged            |    47 |    85 |    64 ||   196

Table legend: (Time is in decaauts)
 A = Elapsed time spent in this place.
 B = Non-inter-level travel time spent in this place.
 C = Inter-level travel time spent in this place.
 D = Time resting spent in this place.
 E = Time spent auto-exploring this place.
 F = Levels seen in this place.
 G = Mean time per level.
                   A        B        C        D        E       F      G
               +--------+--------+--------+--------+--------+-----+--------+
         Total |   4442 |   3951 |    491 |     35 |   2502 |   8 |  555.2 |
       Dungeon |   4234 |   3767 |    467 |     35 |   2322 |   7 |  604.9 |
        Temple |    208 |    184 |     24 |      0 |    180 |   1 |  208.0 |
               +--------+--------+--------+--------+--------+-----+--------+

Top non-repeatable levels by time:
     D:3: 1059 daAuts
     D:1: 734 daAuts
     D:4: 671 daAuts
     D:2: 618 daAuts
     D:7: 543 daAuts
     D:5: 420 daAuts
  Temple: 208 daAuts
     D:8: 186 daAuts
